 Dungeon Crawl Stone Soup version 0.30-a0-883-g5ad918d77d (webtiles) character file.

Game seed: 1565767738744372574

2689 cheesebisquit the Magician (level 9, -7/72 (74) HPs)
             Began as a White Draconian Fire Elementalist on Mar 17, 2023.
             Was an Initiate of Sif Muna.
             Mangled by a vampire (8 damage)
             ... on level 7 of the Dungeon.
             The game lasted 00:34:20 (8308 turns).

cheesebisquit the Magician (DrFE)                   Turns: 8308, Time: 00:34:20

HP:   -7/72 (74)    AC: 12    Str: 21    XL:     9   Next: 38%
MP:   13/27         EV: 11    Int: 19    God:    Sif Muna [......]
Gold: 362           SH:  0    Dex: 12    Spells: 14/20 levels left

rFire   + . .      SeeInvis .    w - staff of fire
rCold   + . .      Faith    .    h - +2 buckler
rNeg    . . .      Spirit   .    (body armour unavailable)
rPois   .          Reflect  .    (helmet restricted)
rElec   .          Rampage  .    r - +2 cloak
rCorr   .                        (no gloves)
Will    .....                    f - +1 pair of boots of Untruth {Str+4}
Stlth   +                        (no amulet)
HPRegen 0.32/turn                j - ring of magical power
MPRegen 0.20/turn                n - +6 ring of strength

@: confused, ambrosia-drunk, lightly drained
A: breathe frost, AC +7, unfitting armour, cold resistance 1, cold-blooded
a: Breathe Frost, Renounce Religion


You were on level 7 of the Dungeon.
You worshipped Sif Muna.
Sif Muna was noncommittal.
You visited 2 branches of the dungeon, and saw 8 of its levels.

You collected 362 gold pieces.

Inventory:

Hand Weapons
 k - a +2 dagger of freezing
 q - a +2 spear of flaming
 y - a +2 hand axe of flaming
Missiles
 e - 15 poisoned darts
Armour
 f - the +1 pair of boots of Untruth (worn) {Str+4}
   (You found it on level 7 of the Dungeon)

   Str:       It affects your strength (+4).
 h - a +2 buckler (worn)
 r - a +2 cloak (worn)
Magical Staves
 w - a staff of fire (weapon)
Jewellery
 j - a ring of magical power (left hand)
 n - a +6 ring of strength (right hand)
 v - a ring of resist corrosion
Wands
 o - a wand of flame (13)
 C - a wand of acid (15)
Scrolls
 c - a scroll of summoning {unknown}
 g - 3 scrolls of fear
 i - 2 scrolls of poison {unknown}
 l - a scroll of fog {unknown}
 m - 4 scrolls of teleportation
 p - 2 scrolls of enchant weapon {unknown}
 s - a scroll of noise {unknown}
 x - a scroll of magic mapping {unknown}
 A - a scroll of immolation {unknown}
 B - a scroll of brand weapon {unknown}
 D - 2 scrolls of torment {unknown}
 E - 2 scrolls of identify {unknown}
Potions
 a - 2 potions of magic
 b - 2 potions of attraction
 d - a potion of degeneration {unknown}
 t - a potion of mutation {unknown}
 u - 2 potions of curing {unknown}
 z - a potion of lignification {unknown}
 F - a potion of ambrosia
 G - a potion of berserk rage {unknown}
 H - 2 potions of flight {unknown}
 I - a potion of invisibility {unknown}
 J - a potion of brilliance {unknown}


   Skills:
 + Level 5.0 Fighting
 + Level 5.3 Staves
 - Level 1.7 Dodging
 - Level 1.7 Stealth
 + Level 4.7 Shields
 + Level 6.2 Spellcasting
 - Level 1.0 Conjurations
 - Level 4.4 Fire Magic
 + Level 4.9 Evocations


You had 14 spell levels left.
You knew the following spells:

 Your Spells              Type           Power      Damage    Failure   Level
a - Foxfire               Conj/Fire      96%        2x1d8     4%          1
c - Inner Flame           Hex/Fire       21%        N/A       17%         3
z - Scorch                Fire           68%        2d8       3%          2

Your spell library contained the following spells:

 Spells                   Type           Power      Damage    Failure   Level
 Shock                    Conj/Air       28%        1d4       12%         1
 Sandblast                Erth           10%        2d5       14%         1
 Sting                    Tmut/Pois      20%        1d4       14%         1
 Passwall                 Tmut/Erth      4%         N/A       22%         2
 Poisonous Vapours        Pois/Air       10%        N/A       22%         2
 Kindle Blastsparks       Fire/Tloc/Air  34%        2d12      22%         3
 Stone Arrow              Conj/Erth      14%        3d7       34%         3
 Swiftness                Air            5%         N/A       38%         3
 Flame Wave               Conj/Fire      24%        2d8       41%         4
 Airstrike                Air            2%         2d(1-17)  80%         4
 Olgreb's Toxic Radiance  Pois           5%         N/A       80%         4


Dungeon Overview and Level Annotations

Branches:
Dungeon (7/15)             Temple (1/1) D:6

Altars:
Ashenzari
Dithmenos
Elyvilon
Fedhas
Gozag
Hepliaklqana
Kikubaaqudgha
Nemelex Xobeh
Qazlal
Ru
Sif Muna
Trog
Uskayaw
Xom
Yredelemnul
Zin
The Shining One

Shops:
D:2 :


Innate Abilities, Weirdness & Mutations

You can breathe waves of freezing cold which knock back foes.
Your icy white scales are hard. (AC +7)
You cannot fit into any form of body armour.
Your flesh is cold resistant. (rC+)
You are cold-blooded and may be slowed by cold attacks.


Message History

Confirm with . or Enter, or press ? or * to list all spells.
You feel a surge of power!
Flames lash something but do no damage.
The foxfire hits something but does no damage.
You feel a surge of power!
You conjure some foxfire!
The gargoyle hurls a stone arrow at you.
The stone arrow hits you!!
You hear some strange, mumbled words.
Something tries to affect you, but you resist.
Casting: Foxfire (safe; 4% risk of failure)
Confirm with . or Enter, or press ? or * to list all spells.
You feel a surge of power!
Flames lash the jelly.
The jelly is heavily wounded.
The jelly's fire resistance burns away.
The foxfire hits the gargoyle but does no damage.
The foxfire hits something but does no damage.
Something hits you. Something bites you but does no damage.
The gargoyle completely misses you.
You feel a surge of power!
You conjure some foxfire!
The gargoyle hits you with a +0 mace of draining!
You feel drained. Something hits you.
* * * LOW HITPOINT WARNING * * *
You block something's attack.
Casting: Foxfire (safe; 4% risk of failure)
Confirm with . or Enter, or press ? or * to list all spells.
You feel a surge of power!
Flames lash the gargoyle.
The gargoyle is moderately damaged.
The gargoyle's fire resistance burns away.
The foxfire hits the gargoyle.
The gargoyle is burned terribly!
The gargoyle is heavily damaged.
The foxfire hits something but does no damage.
Something draws life force from you!!
* * * LOW HITPOINT WARNING * * *
The gargoyle misses you.
You are confused.
You feel invigorated.
The gargoyle hurls a stone arrow at you.
The stone arrow hits you.
* * * LOW HITPOINT WARNING * * *
Something hits you but does no damage. Something bites you!
You die...

##......##
##8##...#.##.....[.
#########†######...).
#.......#..#####.....
#.⌠...⌠.#..##.....#..
#..⌠.[..#..#.........
+...⌠.(.'.####.......
#....⌠).###.##......#
#.⌠...⌠.#...##....[..
#..{@...#.####).##...
####9####.#.##..#.#..
#C##..............
.J.##..#.##..#...#
... ##..#...##....
..... #####..###...
..... #...####...
..")?.. ##.#.##....
#.....†...


You could see a cyclops, a gargoyle (combustible) and a jelly (combustible).

Vanquished Creatures
  A steam dragon (D:7)
  Eustachio (D:4)
  A vampire mosquito (D:7)
  A water moccasin (D:7)
  An ice beast (D:3)
  An orc warrior (D:6)
  3 sky beasts (D:7)
  2 ogres (D:5)
  A centaur (D:6)
  3 phantoms
  A kobold brigand (D:7)
  A bullfrog (D:7)
  2 scorpions
  2 howler monkeys
  3 hounds (D:5)
  4 jellies
  Crazy Yiuf (D:2)
  3 orc priests
  A gnoll bouda (D:6)
  Terence (D:2)
  3 sleepcaps
  4 iguanas
  5 orc wizards
  Robin (D:2)
  3 gnolls (D:6)
  5 adders
  2 shadow imps
  3 white imps
  2 ufetubi (D:7)
  2 worms
  3 dart slugs (D:1)
  14 orcs
  3 ball pythons
  6 endoplasms
  3 giant cockroaches
  14 goblins
  8 hobgoblins
  3 quokkas
  3 bats
  A frilled lizard (D:1)
  7 kobolds
  13 rats
142 creatures vanquished.

Vanquished Creatures (others)
  418 foxfires
418 creatures vanquished.

Grand Total: 560 creatures vanquished

Notes
Turn   | Place    | Note
-------+----------+-------------------------------------------
     0 | D:1      | cheesebisquit the Draconian Fire Elementalist began the
                  | quest for the Orb.
     0 | D:1      | Reached XP level 1. HP: 14/14 MP: 3/3
   241 | D:1      | Reached XP level 2. HP: 20/20 MP: 0/5
  1124 | D:2      | Reached XP level 3. HP: 26/26 MP: 7/7
  1199 | D:2      | Noticed Robin
  1209 | D:2      | Killed Robin
  1210 | D:2      | Reached skill level 3 in Spellcasting
  1549 | D:2      | Noticed Terence
  1555 | D:2      | Reached XP level 4. HP: 29/33 MP: 8/8
  1566 | D:2      | Killed Terence
  2107 | D:2      | Found Boxus's Book Boutique.
  2132 | D:2      | Learned a level 2 spell: Scorch
  2136 | D:2      | Learned a level 3 spell: Inner Flame
  2276 | D:2      | Found a runed translucent door.
  2277 | D:2      | Noticed Crazy Yiuf
  2391 | D:2      | Killed Crazy Yiuf
  2531 | D:3      | Reached XP level 5. HP: 38/38 MP: 10/10
  2713 | D:3      | Found a basalt altar of Yredelemnul.
  3150 | D:3      | Noticed an ice beast
  3160 | D:3      | Killed an ice beast
  3161 | D:3      | Reached skill level 1 in Staves
  3161 | D:3      | Reached skill level 4 in Spellcasting
  3161 | D:3      | Reached skill level 5 in Fire Magic
  3718 | D:4      | Noticed Eustachio
  3794 | D:4      | Reached XP level 6. HP: 45/45 MP: 12/12
  4044 | D:4      | Reached skill level 1 in Evocations
  4173 | D:4      | Found a glowing golden altar of the Shining One.
  4406 | D:4      | Killed Eustachio
  4407 | D:4      | Reached skill level 1 in Fighting
  4407 | D:4      | Reached skill level 1 in Shields
  4407 | D:4      | Your scales start taking on an icy white colour.
  4407 | D:4      | Reached XP level 7. HP: 52/52 MP: 13/13
  4407 | D:4      | Gained mutation: Your flesh is cold resistant. (rC+) [White
                  | Draconian growth]
  5028 | D:5      | Entered Level 5 of the Dungeon
  5657 | D:5      | Found the +5 robe of Misfortune {Harm *Corrode *Slow EV+5}
  5700 | D:5      | Reached skill level 5 in Spellcasting
  5700 | D:5      | Reached XP level 8. HP: 62/62 MP: 15/15
  5847 | D:5      | You fall into a shaft and drop 1 floor!
  6748 | D:6      | Found a shadowy altar of Dithmenos.
  6838 | D:6      | Found a staircase to the Ecumenical Temple.
  6967 | Temple   | Entered the Ecumenical Temple
  7245 | D:6      | Found a shimmering blue altar of Sif Muna.
  7271 | D:6      | Became a worshipper of Sif Muna the Loreminder
  7779 | D:7      | Reached XP level 9. HP: 72/72 MP: 17/17
  7940 | D:7      | Identified the +1 pair of boots of Untruth {Str+4}
  8041 | D:7      | Reached skill level 5 in Staves
  8168 | D:7      | Reached skill level 6 in Spellcasting
  8293 | D:7      | Noticed a gargoyle
  8295 | D:7      | Noticed a cyclops
  8298 | D:7      | Reached skill level 5 in Fighting
  8307 | D:7      | HP: 1/72 [something (20)]
  8308 | D:7      | Mangled by a vampire

Illustrated notes

Levels and vault maps discovered:
D:1:      dpeg_arrival_leaves_temple_mockup, layout_basic,
          chequers_serial_rivers_marsh
D:2:      kennysheep_big_flooded_room, layout_loops_corners, serial_shops, shop,
          uniq_robin, uniq_crazy_yiuf_cottage, uniq_terence
D:3:      layout_basic, yredelemnul_altar_generic
D:4:      layout_basic, tso_oasis_becter, uniq_eustachio
D:5:      layout_gridville, hangedman_decor_lopped,
          minmay_fractal_squares_diagonal_5
D:6:      layout_basic, grunt_dithmenos_smoke, lemuel_doored_altar,
          minmay_temple_entry_mist
D:7:      minmay_chambers_of_sevens, layout_cave_pools, lemuel_round_altar,
          nrook_campfire
Temple:   dshaligram_water_room_temple

Skill      XL: |  1  2  3  4  5  6  7  8  9 |
---------------+----------------------------+-----
Spellcasting   | 3 4 5 6 |  6.2
Fire Magic     | 4 5 4 |  4.4
Staves         | 1 2 3 4 5 |  5.3
Evocations     | 1 3 4 |  4.9
Fighting       | 1 2 4 5 |  5.0
Shields        | 1 2 4 |  4.7
Dodging        | |  1.7
Stealth        | |  1.7
Conjurations   | |  1.0

Action                     |  1- 3 |  4- 6 |  7- 9 || total
---------------------------+-------+-------+-------++-------
  Melee: Unarmed           |    41 |       |       ||    41
         Tailslap          |     3 |     2 |     7 ||    12
         Dagger            |     3 |     9 |       ||    12
         Punch             |     1 |       |       ||     1
         Quarterstaff      |       |     5 |       ||     5
         Staff             |       |     2 |    24 ||    26
  Throw: Dart              |     1 |       |       ||     1
   Cast: Foxfire           |    57 |    55 |   125 ||   237
         Scorch            |       |    27 |    69 ||    96
  Evoke: Wand              |       |       |     1 ||     1
    Use: Scroll            |       |     5 |       ||     5
         Potion            |       |       |     5 ||     5
 Armour: Skin              |    17 |    15 |    36 ||    68
  Dodge: Dodged            |    38 |    16 |    53 ||   107
  Block: Buckler           |       |       |    34 ||    34

Table legend: (Time is in decaauts)
 A = Elapsed time spent in this place.
 B = Non-inter-level travel time spent in this place.
 C = Inter-level travel time spent in this place.
 D = Time resting spent in this place.
 E = Time spent auto-exploring this place.
 F = Levels seen in this place.
 G = Mean time per level.
                   A        B        C        D        E       F      G
               +--------+--------+--------+--------+--------+-----+--------+
         Total |   8321 |   7655 |    666 |    455 |   6093 |   8 | 1040.1 |
       Dungeon |   8230 |   7584 |    646 |    455 |   6033 |   7 | 1175.7 |
        Temple |     90 |     70 |     20 |      0 |     60 |   1 |   90.0 |
               +--------+--------+--------+--------+--------+-----+--------+

Top non-repeatable levels by time:
     D:2: 1459 daAuts
     D:3: 1357 daAuts
     D:5: 1226 daAuts
     D:4: 1174 daAuts
     D:6: 1103 daAuts
     D:1: 1103 daAuts
     D:7: 806 daAuts
  Temple: 90 daAuts
